 Dungeon Crawl Stone Soup version 0.25.1-2-g60ff931df9 (webtiles) character file.

Game seed: 14178304066685313251

104 moonlapse the Skirmisher (level 4, -1/42 HPs)
             Began as a Draconian Assassin on Sept 26, 2020.
             Was an Initiate of Okawaru.
             Slain by an adder (3 damage)
             ... on level 4 of the Dungeon.
             The game lasted 00:02:51 (1513 turns).

moonlapse the Skirmisher (Draconian Assassin)       Turns: 1513, Time: 00:02:52

Health: -1/42      AC:  6    Str: 13    XL:     4   Next: 52%
Magic:  4/4        EV: 11    Int: 12    God:    Okawaru [......]
Gold:   114        SH:  0    Dex: 13    Spells: 3/3 levels left

rFire    . . .     SeeInvis .   a - +2 dagger
rCold    . . .     Gourm    .   (no shield)
rNeg     . . .     Faith    .   (armour unavailable)
rPois    .         Spirit   .   (helmet restricted)
rElec    .         Reflect  .   b - +0 cloak
rCorr    .         Harm     .   (no gloves)
MR       .....                  (no boots)
Stlth    +.........             (no amulet)
HPRegen  0.14/turn              (no ring)
MPRegen  0.09/turn              (no ring)

@: very slow
A: unfitting armour, cold-blooded, AC +5
a: Renounce Religion


You were on level 4 of the Dungeon.
You worshipped Okawaru.
Okawaru was noncommittal.
You were not hungry.

You visited 1 branch of the dungeon, and saw 3 of its levels.

You collected 114 gold pieces.

Inventory:

Hand Weapons
 a - a +2 dagger (weapon)
Missiles
 d - a curare-tipped dart
Armour
 b - a +0 cloak (worn)
Potions
 c - a potion of cancellation {unknown}
 e - a potion of degeneration {unknown}
 h - a potion of flight {unknown}
 j - a potion of curing {unknown}
Comestibles
 f - 4 rations


   Skills:
 + Level 5.3 Fighting
 - Level 2.0 Short Blades
 - Level 1.7 Throwing
 - Level 0.8 Dodging
 - Level 3.6 Stealth


You had 3 spell levels left.
You didn't know any spells.
Your spell library was empty.

Dungeon Overview and Level Annotations

Branches:
Dungeon (2/15)

Altars:
Ashenzari
Dithmenos
Kikubaaqudgha
Okawaru
Yredelemnul

Annotations:
D:4 Robin


Innate Abilities, Weirdness & Mutations

Your plain brown scales are hard. (AC +5)
You cannot fit into any form of body armour.
You are cold-blooded and may be slowed by cold attacks.


Message History

You throw a poisoned dart. The poisoned dart hits the phantom.
The phantom blinks!
You see here 4 poisoned darts.
You closely miss the phantom. The phantom hits you!
The phantom blinks!
You take 7 damage, and have 27/42 hp.
You see here 2 poisoned darts.
The phantom hits you!
The phantom blinks!
You see here 2 poisoned darts.
You take 10 damage, and have 17/42 hp.
MASSIVE DAMAGE!!
You see here a poisoned dart.
You hear the slow rusting of a drain nearby.
The phantom blinks!
You see here a poisoned dart.
The phantom blinks!
You see here a poisoned dart.
You see here 2 poisoned darts.
You see here 2 poisoned darts.
You see here 4 poisoned darts.
The phantom blinks!
The phantom blinks!
The phantom hits you.
You take 5 damage, and have 16/42 hp.
The phantom blinks! 3 orcs and a skeleton come into view.
The orc shouts! x2; You hear a shout!
The orc shouts!
An orc wizard comes into view. It is wielding a +0 dagger.
You see here 20 stones.
The orc closely misses you. The adder skeleton closely misses you.
The adder skeleton barely misses you.
A rat comes into view.
A worm comes into view.
You see here an amethyst potion.
j - an amethyst potion You hear the rusting of a drain nearby.
The rat bites you but does no damage.
You enter the shallow water.
Moving in this stuff is going to be slow.
A worm comes into view.
The rat closely misses you. The rat closely misses you.
The rat bites you but does no damage.
Some of the chunks of flesh in your inventory have rotted away.
A river rat and a worm come into view.
The worm bites you.
The river rat moves out of view.
You take 2 damage, and have 17/42 hp.
As you read the scroll of fear, it crumbles to dust.
You assume a fearsome visage.
The rat looks frightened!
The worm looks frightened!
The river rat looks frightened!
The worm looks frightened!
An adder comes into view.
The adder hisses angrily.
You hear an angry hiss.
An adder comes into view.
The adder bites you but does no damage. The adder bites you.
The adder barely misses you.
You take 1 damage, and have 16/42 hp.
As you read the scroll of fear, it crumbles to dust.
You assume a fearsome visage.
The adder looks frightened! x2
Cornered, the adder turns to fight!
The adder bites you but does no damage. The adder bites you but does no damage.
A worm comes into view.
You hit the worm. The adder closely misses you.
The worm seems to regain its courage.
The adder barely misses you. The worm bites you!
* * * LOW HITPOINT WARNING * * *
The adder bites you but does no damage.
You take 7 damage, and have 9/42 hp.
The adder bites you.
* * * LOW HITPOINT WARNING * * *
The worm closely misses you. The adder bites you but does no damage.
All of the chunks of flesh in your inventory have rotted away.
You take 3 damage, and have 6/42 hp.
You barely miss the adder.
Your attack snaps the adder out of its fear.
Your tail-slap misses the adder.
The adder closely misses you. The adder completely misses you.
Unknown command.
You miss the adder. The adder barely misses you. The worm barely misses you.
The adder closely misses you. The adder bites you.
* * * LOW HITPOINT WARNING * * *
You take 4 damage, and have 2/42 hp.
You hit the adder.
Your tail-slap misses the adder.
The adder closely misses you. The adder bites you but does no damage.
The worm completely misses you.
You hit the adder.
You tail-slap the adder, but do no damage.
The adder barely misses you. The adder bites you.
* * * LOW HITPOINT WARNING * * *
You take 1 damage, and have 1/42 hp.
You completely miss the adder. The adder barely misses you.
The adder bites you but does no damage. The worm closely misses you.
Unknown command.
Your unstable footing causes you to fumble your attack.
The adder bites you but does no damage. The adder barely misses you. x2
You hit the adder.
You kill the adder!
Okawaru accepts your kill. The adder bites you.
You die...

## #...# #
#.#.######### .
#...........#. #
#..o..≈..r.[..
##########.o.≈≈≈≈≈.≈...
...o....Z..####w#≈#≈≈.
.?.......o.#≈≈≈≈≈≈≈≈≈#
############o#########
.o...o #wowS@≈#
########## ####w#≈#
...W.....# ≈≈≈#≈#
.#######.# #≈##≈#≈# .#
#.# # ≈≈#≈# .# #W#
≈##≈# ########.# #≈ ≈≈
§.(((W(..# #≈ ≈#
##########


You could see 3 worms, an orc wizard, an adder and an orc.

Vanquished Creatures
  Terence (D:2)
  2 hound skeletons (D:4)
  2 adders (D:4)
  A giant cockroach (D:1)
  7 goblins
  2 hobgoblins
  7 jackals
  2 bats (D:1)
  4 frilled lizards (D:1)
  3 kobolds
  5 rats
36 creatures vanquished.

Notes
Turn   | Place    | Note
-------+----------+-------------------------------------------
     0 | D:1      | moonlapse the Draconian Assassin began the quest for the
                  | Orb.
     0 | D:1      | Reached XP level 1. HP: 17/17 MP: 1/1
    42 | D:1      | HP: 3/18 [jackal (3)]
   296 | D:1      | Reached skill level 3 in Fighting
   296 | D:1      | Reached XP level 2. HP: 22/26 MP: 2/2
   842 | D:2      | Found a shadowy altar of Dithmenos.
   882 | D:2      | Found an ancient bone altar of Kikubaaqudgha.
   882 | D:2      | Found a basalt altar of Yredelemnul.
   882 | D:2      | Found an iron altar of Okawaru.
   882 | D:2      | Found a shattered altar of Ashenzari.
   908 | D:2      | Became a worshipper of Warmaster Okawaru
   955 | D:2      | Noticed Terence
   960 | D:2      | Killed Terence
   960 | D:2      | Reached skill level 4 in Fighting
   960 | D:2      | Reached XP level 3. HP: 22/34 MP: 3/3
  1181 | D:2      | You fall into a shaft and drop 2 floors!
  1239 | D:4      | Noticed Robin
  1243 | D:4      | Reached XP level 4. HP: 41/41 MP: 4/4
  1309 | D:4      | Reached skill level 5 in Fighting
  1407 | D:4      | Noticed a phantom
  1505 | D:4      | HP: 9/42 [worm (8)]
  1508 | D:4      | HP: 2/42 [adder (4)]
  1513 | D:4      | Slain by an adder

Illustrated notes

Levels and vault maps discovered:
D:1:      psy_arrival_conway, layout_rooms
D:2:      layout_rooms, grunt_dithmenos_smoke_and_mirrors,
          chequers_temple_overflow_statue_of_worship, first_ration,
          minmay_misc_feat_columns, uniq_terence
D:4:      layout_basic, lightli_sewer_entry_pipes, uniq_robin

Skill      XL: |  1  2  3  4 |
---------------+-------------+-----
Fighting       | 3 4 5 |  5.3
Short Blades   | |  2.0
Throwing       | |  1.7
Dodging        | |  0.8
Stealth        | |  3.6

Action                   |  1- 3 |  4- 6 || total
-------------------------+-------+-------++-------
Melee: Dagger            |    71 |    40 ||   111
       Tailslap          |     6 |     7 ||    13
Throw: Dart              |    24 |    20 ||    44
  Use: Scroll            |       |     5 ||     5
 Stab: Sleeping          |     5 |       ||     5
  Eat: Chunk             |     1 |     1 ||     2
Armor: Skin              |    24 |    18 ||    42
Dodge: Dodged            |    31 |    38 ||    69

Levels and vault maps discovered:
D:1:      psy_arrival_conway, layout_rooms
D:2:      layout_rooms, grunt_dithmenos_smoke_and_mirrors,
          chequers_temple_overflow_statue_of_worship, first_ration,
          minmay_misc_feat_columns, uniq_terence
D:4:      layout_basic, lightli_sewer_entry_pipes, uniq_robin

Table legend:
 A = Turns spent in this place as a percentage of turns spent in the entire game.
 B = Non-inter-level travel turns spent in this place as a percentage of non-inter-level travel turns spent in the entire game.
 C = Inter-level travel turns spent in this place as a percentage of turns spent in this place.
 D = Turns resting spent in this place as a percentage of non-inter-level travel turns spent in this place.
 E = Turns spent auto-exploring this place as a percentage of non-inter-level travel turns spent in this place.
 F = Non-inter-level travel turns spent in this place divided by the number of levels of this place that you've seen.
                   A       B       C       D       E      F
               +-------+-------+-------+-------+-------+----------------------
         Total | 100.0 | 100.0 |   0.5 |  21.7 |  52.8 | 501.7
       Dungeon | 100.0 | 100.0 |   0.5 |  21.7 |  52.8 | 501.7
               +-------+-------+-------+-------+-------+----------------------

Table legend:
 A = Kills in this place as a percentage of kills in entire the game.
 B = Kills by you in this place as a percentage of kills by you in the entire game.
 C = Kills by friends in this place as a percentage of kills by friends in the entire game.
 D = Other kills in this place as a percentage of other kills in the entire game.
 E = Experience gained in this place as a percentage of experience gained in the entire game.
 F = Experience gained in this place divided by the number of levels of this place that you have seen.
                   A       B       C       D       E      F
               +-------+-------+-------+-------+-------+----------------------
         Total | 100.0 | 100.0 |   N/A |   N/A | 100.0 |  49.7
       Dungeon | 100.0 | 100.0 |   N/A |   N/A | 100.0 |  49.7
               +-------+-------+-------+-------+-------+----------------------
